 Dungeon Crawl Stone Soup version 0.27-a0-802-gbe893936b8 (webtiles) character file.

Game seed: 2089845855270435214

17 Essalna the Magician (level 2, -1/22 HPs)
             Began as a Djinni Venom Mage on Mar 28, 2021.
             Slain by an adder (4 damage)
             ... on level 3 of the Dungeon.
             The game lasted 00:01:42 (1418 turns).

Essalna the Magician (Djinni Venom Mage)            Turns: 1418, Time: 00:01:43

Health: -1/22      AC:  3    Str:  7    XL:     2   Next: 62%
Gold:   40         EV: 12    Int: 16    God:
                   SH:  0    Dex: 13

rFire    + + .     SeeInvis .   (no weapon)
rCold    x . .     Faith    .   (no shield)
rNeg     . . .     Spirit   .   a - +1 robe
rPois    ∞         Reflect  .   (no helmet)
rElec    .         Harm     .   (no cloak)
rCorr    .         Rampage  .   (no gloves)
Will     +....                  (boots unavailable)
Stlth    ++........             (no amulet)
HPRegen  0.07/turn              d - ring of willpower
MPRegen  0.00/turn              (no ring)

@: flying
A: fire resistance 2, cold vulnerability 1, float, innate caster, hp casting,
extra vitality 1
a: no special abilities


You were on level 3 of the Dungeon.
You visited 1 branch of the dungeon, and saw 3 of its levels.

You collected 40 gold pieces.

Inventory:

Armour
 a - a +1 robe (worn)
Jewellery
 d - a ring of willpower (left hand)
Potions
 b - a potion of degeneration {unknown}
 c - a potion of attraction {unknown}
 e - a potion of brilliance {unknown}


   Skills:
 + Level 1.4 Fighting
 - Level 2.1 Dodging
 - Level 1.5 Stealth
 + Level 3.0 Spellcasting


You couldn't memorise any spells.
You knew the following spells:

 Your Spells              Type           Power      Damage    Failure   Level
a - Sting                 Tmut/Pois      48%        1d5       5%          1
b - Poisonous Vapours     Pois/Air       24%        N/A       8%          2
c - Mephitic Cloud        Conj/Pois/Air  12%        N/A       16%         3
d - Ignite Poison         Fire/Tmut/Pois 12%        N/A       16%         3
e - Olgreb's Toxic Radia  Pois           12%        N/A       45%         4
Your spell library was empty.

Dungeon Overview and Level Annotations

Branches:
Dungeon (3/15)

Altars:
Nemelex Xobeh

Shops:
D:2 [


Innate Abilities, Weirdness & Mutations

You are immune to poison.
Your flesh is very heat resistant. (rF++)
You are vulnerable to cold. (rC-)
You float through the air rather than walking.
You learn spells naturally, not from books.
Your magical power is your life essence.
You have superior vitality. (+4 HP)


Message History

The adder closely misses you.
Casting: Sting (safe; 5% risk of failure)
Confirm with . or Enter, or press ? or * to list all spells.
Aiming: Sting (safe; 5% risk of failure)
Press: ? - help, Shift-Dir - straight line, f/p - adder
Aim: an adder (moderately wounded, poisoned, 47% to evade)
You miscast Sting.
You are very lightly contaminated with residual magic.
Nothing appears to happen.
The adder barely misses you.
The gnoll hits you from afar with a +0 halberd!
Ouch! That really hurt!
* * * LOW HITPOINT WARNING * * *
Casting: Sting (safe; 5% risk of failure)
Confirm with . or Enter, or press ? or * to list all spells.
Aiming: Sting (safe; 5% risk of failure)
Press: ? - help, Shift-Dir - straight line, f/p - adder
Aim: an adder (moderately wounded, poisoned, 47% to evade)
The sting hits the adder.
The adder looks even sicker.
The adder is heavily wounded.
* * * LOW HITPOINT WARNING * * *
The adder barely misses you. The gnoll barely misses you.
The adder bites you but does no damage.
There is an open door here.
The gnoll looks more healthy.
The adder barely misses you.
Your magical contamination has completely faded away.
There is an escape hatch in the floor here.
The adder bites you.
* * * LOW HITPOINT WARNING * * *
The gnoll misses you.
You fly downwards.
The hatch slams shut behind you.
Casting: Sting (safe; 5% risk of failure)
Confirm with . or Enter, or press ? or * to list all spells.
Aiming: Sting (safe; 5% risk of failure)
Press: ? - help, Shift-Dir - straight line, f - adder
Aim: an adder (severely wounded, poisoned, 47% to evade)
The sting hits the adder.
The adder looks even sicker.
The adder is almost dead.
* * * LOW HITPOINT WARNING * * *
The adder bites you.
You die...

#
#...###########
#....@.......
##..S........
##..########
#.#. #.##. ..#
#. ... #. ## #.


You could see an adder (very poisoned).

Vanquished Creatures
  A dart slug (D:1)
  A bat (D:1)
  An endoplasm (D:1)
  A giant cockroach (D:1)
  5 goblins
  A hobgoblin (D:2)
  2 ball pythons (D:1)
  A rat (D:1)
13 creatures vanquished.

Notes
Turn   | Place    | Note
-------+----------+-------------------------------------------
     0 | D:1      | Essalna the Djinni Venom Mage began the quest for the Orb.
     0 | D:1      | Reached XP level 1. HP: 15/15 MP: 0/0
   535 | D:1      | Reached skill level 1 in Fighting
   535 | D:1      | Reached XP level 2. HP: 20/22 MP: 0/0
   838 | D:1      | Reached skill level 3 in Spellcasting
  1290 | D:2      | Found a sparkling altar of Nemelex Xobeh.
  1334 | D:2      | Found Uveotano's Antique Armour Shoppe.
  1418 | D:3      | Slain by an adder

Illustrated notes

Levels and vault maps discovered:
D:1:      amcnicky_arrival_choice, layout_loops_corners, st_stairs_3
D:2:      layout_basic, nicolae_overflow_crystal_walls, tso_metal_star,
          nemelex_altar_shiori, marbit_many_paths, serial_shops,
          nicolae_shop_trees
D:3:      layout_loops_ring, serial_shops, shop

Skill      XL: |  1  2 |
---------------+-------+-----
Fighting       | 1 |  1.4
Spellcasting   | 3 |  3.0
Dodging        | |  2.1
Stealth        | |  1.5

Action                   || total
-------------------------++-------
Melee: Unarmed           ||     1
 Cast: Sting             ||    29
  Use: Scroll            ||     2
Armor: Robe              ||     2
Dodge: Dodged            ||    10

Table legend: (Time is in decaauts)
 A = Elapsed time spent in this place.
 B = Non-inter-level travel time spent in this place.
 C = Inter-level travel time spent in this place.
 D = Time resting spent in this place.
 E = Time spent auto-exploring this place.
 F = Levels seen in this place.
 G = Mean time per level.
                   A        B        C        D        E       F      G
               +--------+--------+--------+--------+--------+-----+--------+
         Total |   1417 |   1387 |     30 |      0 |   1295 |   3 |  472.3 |
       Dungeon |   1417 |   1387 |     30 |      0 |   1295 |   3 |  472.3 |
               +--------+--------+--------+--------+--------+-----+--------+

Top non-repeatable levels by time:
     D:1: 1224 daAuts
     D:2: 191 daAuts
     D:3: 0 daAuts
